Blackhawks vs Blue Jackets
(R1)
Created - January 25, 2020 at 19:09
Goals
|
| Blackhawks |
0 |
1 |
1 |
2 |
| Blue Jackets |
2 |
3 |
4 |
9 |
|
Shots
|
| Blackhawks |
9 |
13 |
18 |
40 |
| Blue Jackets |
13 |
11 |
4 |
28 |
|
1st period
1. Blue Jackets , Pavel Datsyuk 16 (Artemi Panarin 20) at 9:09 (PP)
2. Blue Jackets , Tyler Kennedy 7 (Mike Lundin 23, Cody Eakin 13) at 12:56
Penalties :
Antoine Roussel (Chi) for Hooking (Minor) at 1:55, John Carlson (Chi) for High sticking (Minor) at 4:58, Derick Brassard (Chi) for Roughing (Minor) at 8:59, Pavel Datsyuk (Clb) for Tripping (Minor) at 14:21, Rick Nash (Chi) for Holding Stick (Minor) at 14:52
2nd period
3. Blue Jackets , Derek Boogaard 10 (Artemi Panarin 21, Mike Lundin 24) at 6:49 (SH)
4. Blackhawks , Antoine Roussel 15 (Scott Gomez 6) at 9:50
5. Blue Jackets , Peter Mueller 10 (Devin Setoguchi 8, Branislav Mezei 10) at 10:44
6. Blue Jackets , Artemi Panarin 13 (Mike Lundin 25, Pavel Datsyuk 25) at 12:57
Penalties :
Dalton Prout (Clb) for Tripping (Minor) at 6:36, Brandon Yip (Chi) for Roughing (Minor) at 18:20
3rd period
7. Blue Jackets , Artemi Panarin 14 (Mike Lundin 26) at 2:11 (PP)
8. Blue Jackets , Peter Mueller 11 (Devin Setoguchi 9, Max Pacioretty 10) at 10:11
9. Blackhawks , John Carlson 7 (Derick Brassard 39, Mike Green 16) at 11:39 (PP)
10. Blue Jackets , Cam Fowler 4 (Andreas Nodl 6, Derek Boogaard 21) at 13:07
11. Blue Jackets , Derek Boogaard 11 (Unassisted) at 14:08
Penalties :
Brandon Yip (Chi) for Close Hand On Puck (Minor) at 0:22, Mike Green (Chi) for Roughing (Minor) at 3:11, Andreas Nodl (Clb) for Cross-checking (Minor) at 7:47, Derek Boogaard (Clb) for Hooking (Minor) at 11:10, Dalton Prout (Clb) for Fighting (Major) at 12:03, Bobby Ryan (Chi) for Fighting (Major) at 12:03, Peter Mueller (Clb) for Hooking (Minor) at 14:45
Goalie Stats
Jimmy Howard (Chi), 14 saves from 18 shots - (0.778), L, 18-12-4, 30:44 minutes
Ray Emery (Chi), 5 saves from 10 shots - (0.500), 29:16 minutes
Rick DiPietro (Clb), 38 saves from 40 shots - (0.950), W, 14-9-9, 60:00 minutes
Players Stats for Blackhawks
Player Name G A P +/- PIM S H SB GA TA FO MP PP MP PK MP
------------------------------------------------------------------------------------
Antoine Roussel 1 0 1 0 2 2 2 1 2 0 0/1 13:54 2:14 0:00
Bobby Ryan 0 0 0 0 5 0 1 0 1 0 0/1 9:42 0:00 0:00
Brandon Yip 0 0 0 -1 4 0 0 0 0 1 1/2 12:31 2:14 1:46
Chris Kreider 0 0 0 -2 0 1 1 3 2 1 0/1 26:06 4:43 5:50
David Jones 0 0 0 -3 0 1 0 0 0 0 0/0 6:31 0:00 0:00
Derick Brassard 0 1 1 -2 2 6 0 0 0 0 21/35 20:10 4:43 0:01
Erik Christensen 0 0 0 -1 0 1 0 0 0 0 3/7 7:57 0:00 0:00
Gabriel Bourque 0 0 0 -3 0 0 1 0 0 0 0/0 7:54 0:00 1:43
John Carlson 1 0 1 -1 2 5 2 1 0 2 0/0 25:14 4:33 0:00
Justin Falk 0 0 0 -3 0 0 1 0 0 0 0/0 12:08 0:00 3:54
Matthew Spiller 0 0 0 -1 0 1 1 0 0 0 0/0 19:35 0:00 6:16
Michael Latta 0 0 0 -3 0 4 0 0 0 0 2/5 10:35 0:00 2:50
Mike Green 0 1 1 -1 2 1 0 0 0 0 0/0 24:57 4:33 0:08
Rick Nash 0 0 0 -2 2 4 2 0 1 0 0/3 19:26 4:42 0:00
Scott Gomez 0 1 1 0 0 5 1 0 0 0 8/26 19:22 2:13 6:06
Seth Jones 0 0 0 -4 0 5 1 0 1 0 0/0 15:40 2:24 4:10
Tomas Fleischmann 0 0 0 -1 0 2 1 0 1 0 0/0 13:19 0:01 2:36
Tyler Cuma 0 0 0 -2 0 2 1 1 0 1 0/0 22:57 2:24 6:24
Players Stats for Blue Jackets
Player Name G A P +/- PIM S H SB GA TA FO MP PP MP PK MP
------------------------------------------------------------------------------------
A.J Thelen 0 0 0 1 0 1 1 0 0 0 0/0 13:50 0:24 2:43
Andreas Nodl 0 1 1 1 2 0 0 1 0 0 0/0 10:34 0:15 1:12
Artemi Panarin 2 2 4 1 0 6 5 1 2 0 7/13 26:44 4:53 4:35
Branislav Mezei 0 1 1 2 0 1 2 0 0 1 0/0 20:46 4:26 2:43
Cam Fowler 1 0 1 4 0 1 1 5 1 1 0/0 32:09 6:00 4:14
Cody Eakin 0 1 1 1 0 1 1 0 0 0 3/3 4:16 0:14 0:10
Dalton Prout 0 0 0 1 7 0 5 0 1 0 0/0 15:34 2:14 0:00
Derek Boogaard 2 1 3 3 2 2 0 3 1 0 0/0 18:03 4:38 3:58
Devin Setoguchi 0 2 2 2 0 3 2 1 0 0 1/1 19:58 4:53 1:30
Eric Wellwood 0 0 0 1 0 0 0 0 0 0 1/1 4:49 0:14 0:59
Martin Havlat 0 0 0 0 0 3 1 1 0 0 2/3 21:15 4:26 1:30
Max Pacioretty 0 1 1 2 0 1 2 1 0 1 0/0 14:03 0:53 0:00
Mike Comrie 0 0 0 2 0 1 0 0 0 0 4/7 9:56 0:41 0:00
Mike Lundin 0 4 4 4 0 0 1 3 0 3 0/0 32:09 6:00 4:14
Pavel Datsyuk 1 1 2 0 2 1 3 1 0 1 19/38 20:58 4:57 0:00
Peter Mueller 2 0 2 2 2 4 1 1 0 1 9/15 16:54 4:38 0:00
Rob Scuderi 0 0 0 0 0 2 0 1 0 0 0/0 5:18 1:48 0:00
Tyler Kennedy 1 0 1 1 0 1 1 0 0 0 0/0 4:12 0:36 0:00
3 Stars
1 - Artemi Panarin (Clb)
2 - Mike Lundin (Clb)
3 - Derek Boogaard (Clb)
Power Play
Blackhawks - 1 on 6 Attempt(s) - 16.67%
Blue Jackets - 2 on 6 Attempt(s) - 33.33%
Penalty Kill
Blackhawks - 4 on 6 Attempt(s) - 66.67%
- Score 0 goal in Penalty Kill
Blue Jackets - 5 on 6 Attempt(s) - 83.33%
- Score 1 goal in Penalty Kill
Team Stat
Blackhawks - Hits : 15 - Faceoff Wins : 35 - Blocked Shots : 6 - Penalty Minutes : 19
Blue Jackets - Hits : 26 - Faceoff Wins : 46 - Blocked Shots : 19 - Penalty Minutes : 15
Official
Referees : Unknown
Linesman : Unknown
Game Notes
Rob Scuderi is injured at 14:16 of 1st period (Strained Right Elbow)
Ray Emery enters game at 10:44 of 2nd period
Dalton Prout beats up Bobby Ryan at 12:03 of 3rd period
14:08 of 3rd period - Penalty Shot by Derek Boogaard for Blue Jackets - Goal!
Finance
Level 1 -- Attendance: 4511 (75.18%) -- Ticket Income $518,765
Level 2 -- Attendance: 3367 (67.34%) -- Ticket Income $252,525
Level 3 -- Attendance: 1414 (70.70%) -- Ticket Income $63,630
Level 4 -- Attendance: 4000 (100.00%) -- Ticket Income $120,000
Luxury Box -- Attendance: 697 (69.70%) -- Ticket Income $149,855
Game was played at the Ohio State Arena.
Total Attendance: 13989 (77.72%)
Total Ticket Income: $1,104,775
Other Income: $165,716
Total Income: $1,270,491
Blackhawks
5 vs 5 Forward
Center Left Wing Right Wing Time % Phy DF OF
1 Derick Brassard Chris Kreider Rick Nash 40 1 2 2
2 Scott Gomez Antoine Roussel Bobby Ryan 30 1 2 2
3 Erik Christensen Tomas Fleischmann Brandon Yip 20 1 2 2
4 Michael Latta Gabriel Bourque David Jones 10 1 2 2
5 vs 5 Defense
Defense Defense Time % Phy DF OF
1 John Carlson Mike Green 40 1 2 2
2 Tyler Cuma Matthew Spiller 30 1 2 2
3 Seth Jones Justin Falk 20 1 2 2
4 John Carlson Mike Green 10 1 2 2
PowerPlay Forward
Center Left Wing Right Wing Time % Phy DF OF
1 Derick Brassard Chris Kreider Rick Nash 60 1 2 2
2 Scott Gomez Antoine Roussel Brandon Yip 40 1 2 2
PowerPlay Defense
Defense Defense Time % Phy DF OF
1 John Carlson Mike Green 60 1 2 2
2 Tyler Cuma Seth Jones 40 1 2 2
Penalty Kill 4 Players Forward
Center Wing Time % Phy DF OF
1 Scott Gomez Chris Kreider 60 1 2 2
2 Michael Latta Tomas Fleischmann 40 1 2 2
Penalty Kill 4 Players Defense
Defense Defense Time % Phy DF OF
1 Tyler Cuma Matthew Spiller 60 1 2 2
2 Seth Jones Justin Falk 40 1 2 2
Penalty Kill - 3 Players Forward
Forward Time % Phy DF OF
1 Scott Gomez 60 1 2 2
2 Derick Brassard 40 1 2 2
Penalty Kill - 3 Players Defense
Defense Defense Time % Phy DF OF
1 Mike Green John Carlson 60 1 2 2
2 Seth Jones Justin Falk 40 1 2 2
4 vs 4 Forward
Center Wing Time % Phy DF OF
1 Derick Brassard Chris Kreider 60 1 2 2
2 Scott Gomez Rick Nash 40 1 2 2
4 vs 4 Defense
Defense Defense Time % Phy DF OF
1 Mike Green John Carlson 60 1 2 2
2 Tyler Cuma Seth Jones 40 1 2 2
Last Minutes Offensive
Center Left Wing Right Wing Defense Defense
Derick Brassard Chris Kreider Rick Nash Mike Green John Carlson
Last Minutes Defensive
Center Left Wing Right Wing Defense Defense
Derick Brassard Chris Kreider Rick Nash Mike Green John Carlson
Goaltenders
Starting : Jimmy Howard
Backup : Ray Emery
Extra Forwards
Normal : Tomas Fleischmann, Brandon Yip, David Jones - PP : Tomas Fleischmann, Brandon Yip - PK : Brandon Yip
Extra Defensemen
Normal : Seth Jones, Justin Falk, John Carlson - PP : Matthew Spiller - PK : John Carlson, Seth Jones
Penalty Shots
Derick Brassard, Rick Nash, Chris Kreider, Mike Green, Antoine Roussel
Scratches
None
Blue Jackets
5 vs 5 Forward
Center Left Wing Right Wing Time % Phy DF OF
1 Pavel Datsyuk Artemi Panarin Martin Havlat 40 1 2 2
2 Peter Mueller Max Pacioretty Devin Setoguchi 30 1 2 2
3 Mike Comrie Derek Boogaard Andreas Nodl 20 1 2 2
4 Cody Eakin Eric Wellwood Tyler Kennedy 10 1 2 2
5 vs 5 Defense
Defense Defense Time % Phy DF OF
1 Mike Lundin Cam Fowler 40 1 2 2
2 Branislav Mezei Rob Scuderi 30 1 2 2
3 Dalton Prout A.J Thelen 20 1 2 2
4 Mike Lundin Cam Fowler 10 1 2 2
PowerPlay Forward
Center Left Wing Right Wing Time % Phy DF OF
1 Pavel Datsyuk Artemi Panarin Devin Setoguchi 60 1 2 2
2 Peter Mueller Derek Boogaard Martin Havlat 40 1 2 2
PowerPlay Defense
Defense Defense Time % Phy DF OF
1 Mike Lundin Cam Fowler 60 1 2 2
2 Branislav Mezei Rob Scuderi 40 1 2 2
Penalty Kill 4 Players Forward
Center Wing Time % Phy DF OF
1 Artemi Panarin Derek Boogaard 60 1 2 2
2 Devin Setoguchi Martin Havlat 40 1 2 2
Penalty Kill 4 Players Defense
Defense Defense Time % Phy DF OF
1 Mike Lundin Cam Fowler 60 1 2 2
2 Branislav Mezei Rob Scuderi 40 1 2 2
Penalty Kill - 3 Players Forward
Forward Time % Phy DF OF
1 Artemi Panarin 60 1 2 2
2 Derek Boogaard 40 1 2 2
Penalty Kill - 3 Players Defense
Defense Defense Time % Phy DF OF
1 Mike Lundin Cam Fowler 60 1 2 2
2 Branislav Mezei Rob Scuderi 40 1 2 2
4 vs 4 Forward
Center Wing Time % Phy DF OF
1 Artemi Panarin Derek Boogaard 60 1 2 2
2 Devin Setoguchi Martin Havlat 40 1 2 2
4 vs 4 Defense
Defense Defense Time % Phy DF OF
1 Mike Lundin Cam Fowler 60 1 2 2
2 Branislav Mezei Rob Scuderi 40 1 2 2
Last Minutes Offensive
Center Left Wing Right Wing Defense Defense
Pavel Datsyuk Artemi Panarin Devin Setoguchi Mike Lundin Cam Fowler
Last Minutes Defensive
Center Left Wing Right Wing Defense Defense
Pavel Datsyuk Artemi Panarin Devin Setoguchi Mike Lundin Cam Fowler
Goaltenders
Starting : Rick DiPietro
Backup : Andrei Vasilevskiy
Extra Forwards
Normal : Max Pacioretty, Mike Comrie, Andreas Nodl - PP : Max Pacioretty, Mike Comrie - PK : Andreas Nodl
Extra Defensemen
Normal : Dalton Prout, A.J Thelen, Branislav Mezei - PP : Dalton Prout - PK : A.J Thelen, Branislav Mezei
Penalty Shots
Artemi Panarin, Derek Boogaard, Devin Setoguchi, Martin Havlat, Pavel Datsyuk
Scratches
None
% Time on Ice - Blackhawks
Lines # - Real PCT - Wanted PCT - Time Play
Normal Forward
1 - 37% - 40% - 15:20
2 - 28% - 30% - 11:41
3 - 19% - 20% - 7:57
4 - 15% - 10% - 6:11
Normal Defense
1 - 45% - 40% - 18:35
2 - 32% - 30% - 13:20
3 - 20% - 20% - 8:05
4 - 3% - 10% - 1:09
PP Forward
1 - 68% - 60% - 4:43
2 - 32% - 40% - 2:14
PP Defense
1 - 65% - 60% - 4:33
2 - 35% - 40% - 2:24
PK Forward
1 - 70% - 60% - 7:16
2 - 30% - 40% - 3:10
PK Defense
1 - 60% - 60% - 6:16
2 - 40% - 40% - 4:10
PK3 Forward
1 - 0% - 60%
2 - 0% - 40%
PK3 Defense
1 - 0% - 60%
2 - 0% - 40%
44 Forward
1 - 74% - 60% - 1:05
2 - 26% - 40% - 0:23
44 Defense
1 - 72% - 60% - 1:03
2 - 28% - 40% - 0:25
Last Minute Offensive - 0:00
Last Minute Defensive - 0:00
Total
Forward - 60:00
Defense - 60:00
|
% Time on Ice - Blue Jackets
Lines # - Real PCT - Wanted PCT - Time Play
Normal Forward
1 - 40% - 40% - 16:30
2 - 30% - 30% - 12:10
3 - 22% - 20% - 8:53
4 - 9% - 10% - 3:36
Normal Defense
1 - 46% - 40% - 19:06
2 - 31% - 30% - 12:48
3 - 18% - 20% - 7:17
4 - 5% - 10% - 1:58
PP Forward
1 - 47% - 60% - 4:57
2 - 53% - 40% - 5:29
PP Defense
1 - 58% - 60% - 6:00
2 - 42% - 40% - 4:26
PK Forward
1 - 78% - 60% - 5:27
2 - 22% - 40% - 1:30
PK Defense
1 - 61% - 60% - 4:14
2 - 39% - 40% - 2:43
PK3 Forward
1 - 0% - 60%
2 - 0% - 40%
PK3 Defense
1 - 0% - 60%
2 - 0% - 40%
44 Forward
1 - 76% - 60% - 1:07
2 - 24% - 40% - 0:21
44 Defense
1 - 58% - 60% - 0:51
2 - 42% - 40% - 0:37
Last Minute Offensive - 0:00
Last Minute Defensive - 0:00
Total
Forward - 60:00
Defense - 60:00
|
Play-by-Play
1st period
0:01 of 1st period - Pavel Datsyuk wins face-off versus Derick Brassard in neutral zone.
0:47 of 1st period - Slapshot by Cam Fowler.
0:47 of 1st period - Shot Misses the Net.
0:53 of 1st period - Snap shot by Mike Comrie.
0:53 of 1st period - Stopped by Jimmy Howard without a rebound.
0:54 of 1st period - Cody Eakin wins face-off versus Michael Latta in Blackhawks zone.
1:24 of 1st period - Seth Jones is hit by Dalton Prout and loses puck.
1:29 of 1st period - Wrist shot by Artemi Panarin.
1:29 of 1st period - Stopped by Jimmy Howard with a rebound.
1:38 of 1st period - Off-side.
1:39 of 1st period - Peter Mueller wins face-off versus Scott Gomez in neutral zone.
1:55 of 1st period - Minor Penalty to Antoine Roussel for Hooking.
1:56 of 1st period - Pavel Datsyuk wins face-off versus Scott Gomez in Blackhawks zone.
2:22 of 1st period - Tyler Cuma is hit by Martin Havlat and loses puck.
2:27 of 1st period - Snap shot by Derek Boogaard.
2:27 of 1st period - Shot Misses the Net.
2:29 of 1st period - Wrist shot by Rob Scuderi.
2:29 of 1st period - Stopped by Jimmy Howard with a rebound.
3:55 of 1st period - Penalty to Antoine Roussel is over, Antoine Roussel is back on ice.
4:06 of 1st period - Mike Green is hit by Artemi Panarin and loses puck.
4:23 of 1st period - Slapshot by Artemi Panarin.
4:23 of 1st period - Shot Misses the Net.
4:25 of 1st period - Wrist shot by Pavel Datsyuk.
4:25 of 1st period - Shot Misses the Net.
4:47 of 1st period - Backhand shot by Artemi Panarin.
4:47 of 1st period - Shot Blocked by Antoine Roussel.
4:58 of 1st period - Minor Penalty to John Carlson for High sticking.
4:59 of 1st period - Peter Mueller wins face-off versus Scott Gomez in Blackhawks zone.
6:53 of 1st period - Icing by Mike Lundin.
6:54 of 1st period - Peter Mueller wins face-off versus Michael Latta in Blue Jackets zone.
6:58 of 1st period - Penalty to John Carlson is over, John Carlson is back on ice.
7:13 of 1st period - Wrist shot by Cody Eakin.
7:13 of 1st period - Shot Misses the Net.
7:23 of 1st period - Slapshot by Mike Comrie.
7:23 of 1st period - Shot Misses the Net.
7:25 of 1st period - Slapshot by Rob Scuderi.
7:25 of 1st period - Shot Misses the Net.
7:27 of 1st period - Slapshot by A.J Thelen.
7:27 of 1st period - Stopped by Jimmy Howard without a rebound.
7:28 of 1st period - Derick Brassard wins face-off versus Mike Comrie in Blackhawks zone.
7:45 of 1st period - Slapshot by Derick Brassard.
7:45 of 1st period - Stopped by Rick DiPietro without a rebound.
7:46 of 1st period - Scott Gomez wins face-off versus Martin Havlat in Blue Jackets zone.
7:47 of 1st period - Snap shot by Antoine Roussel.
7:47 of 1st period - Shot Misses the Net.
7:49 of 1st period - Snap shot by Scott Gomez.
7:49 of 1st period - Stopped by Rick DiPietro without a rebound.
7:50 of 1st period - Scott Gomez wins face-off versus Pavel Datsyuk in Blue Jackets zone.
8:21 of 1st period - Snap shot by Peter Mueller.
8:21 of 1st period - Shot Blocked by Chris Kreider.
8:59 of 1st period - Minor Penalty to Derick Brassard for Roughing.
9:00 of 1st period - Pavel Datsyuk wins face-off versus Scott Gomez in Blackhawks zone.
9:01 of 1st period - Snap shot by Artemi Panarin.
9:01 of 1st period - Shot Misses the Net.
9:03 of 1st period - Wrist shot by Artemi Panarin.
9:03 of 1st period - Shot Misses the Net.
9:05 of 1st period - Slapshot by Rob Scuderi.
9:05 of 1st period - Stopped by Jimmy Howard without a rebound.
9:06 of 1st period - Pavel Datsyuk wins face-off versus Scott Gomez in Blackhawks zone.
9:09 of 1st period - Wrist shot by Pavel Datsyuk.
9:09 of 1st period - Goal by Pavel Datsyuk - Blackhawks : 0 - Blue Jackets : 1.
9:10 of 1st period - Erik Christensen wins face-off versus Peter Mueller in neutral zone.
9:48 of 1st period - Wrist shot by Martin Havlat.
9:48 of 1st period - Stopped by Jimmy Howard without a rebound.
9:49 of 1st period - Peter Mueller wins face-off versus Erik Christensen in Blackhawks zone.
10:04 of 1st period - Snap shot by Erik Christensen.
10:04 of 1st period - Stopped by Rick DiPietro with a rebound.
10:14 of 1st period - Justin Falk is hit by Pavel Datsyuk and loses puck.
10:21 of 1st period - Slapshot by Rick Nash.
10:21 of 1st period - Stopped by Rick DiPietro without a rebound.
10:22 of 1st period - Brandon Yip wins face-off versus Pavel Datsyuk in Blue Jackets zone.
10:34 of 1st period - Icing by Branislav Mezei.
10:35 of 1st period - Derick Brassard wins face-off versus Pavel Datsyuk in Blue Jackets zone.
10:55 of 1st period - Slapshot by Artemi Panarin.
10:55 of 1st period - Shot Misses the Net.
10:57 of 1st period - Snap shot by Martin Havlat.
10:57 of 1st period - Shot Blocked by John Carlson.
10:59 of 1st period - Snap shot by Martin Havlat.
10:59 of 1st period - Shot Misses the Net.
11:01 of 1st period - Slapshot by Martin Havlat.
11:01 of 1st period - Stopped by Jimmy Howard with a rebound.
11:15 of 1st period - Slapshot by Martin Havlat.
11:15 of 1st period - Stopped by Jimmy Howard without a rebound.
11:16 of 1st period - Derick Brassard wins face-off versus Peter Mueller in Blackhawks zone.
11:47 of 1st period - Tyler Cuma is hit by Devin Setoguchi.
12:37 of 1st period - Snap shot by Mike Green.
12:37 of 1st period - Shot Misses the Net.
12:56 of 1st period - Snap shot by Tyler Kennedy.
12:56 of 1st period - Goal by Tyler Kennedy - Blackhawks : 0 - Blue Jackets : 2.
12:57 of 1st period - Pavel Datsyuk wins face-off versus Derick Brassard in neutral zone.
13:12 of 1st period - Snap shot by Chris Kreider.
13:12 of 1st period - Shot Misses the Net.
13:14 of 1st period - Slapshot by John Carlson.
13:14 of 1st period - Deflect By Rick Nash.
13:14 of 1st period - Stopped by Rick DiPietro with a rebound.
13:26 of 1st period - Icing by Mike Lundin.
13:27 of 1st period - Mike Comrie wins face-off versus Scott Gomez in Blue Jackets zone.
13:27 of 1st period - Mike Comrie is hit by Antoine Roussel.
14:12 of 1st period - Snap shot by Scott Gomez.
14:12 of 1st period - Shot Misses the Net.
14:14 of 1st period - Slapshot by John Carlson.
14:14 of 1st period - Shot Misses the Net.
14:16 of 1st period - Snap shot by Mike Green.
14:16 of 1st period - Shot Blocked by Rob Scuderi.
14:16 of 1st period - Rob Scuderi from Blue Jackets is injured at 14:16 of 1st period (Strained Right Elbow).
14:17 of 1st period - Derick Brassard wins face-off versus Pavel Datsyuk in Blue Jackets zone.
14:21 of 1st period - Minor Penalty to Pavel Datsyuk for Tripping.
14:22 of 1st period - Derick Brassard wins face-off versus Artemi Panarin in Blue Jackets zone.
14:26 of 1st period - Snap shot by Derick Brassard.
14:26 of 1st period - Shot Blocked by Mike Lundin.
14:28 of 1st period - Slapshot by Derick Brassard.
14:28 of 1st period - Shot Misses the Net.
14:30 of 1st period - Slapshot by Mike Green.
14:30 of 1st period - Stopped by Rick DiPietro with a rebound.
14:32 of 1st period - Wrist shot by Rick Nash.
14:32 of 1st period - Shot Blocked by Derek Boogaard.
14:34 of 1st period - Wrist shot by Chris Kreider.
14:34 of 1st period - Shot Misses the Net.
14:52 of 1st period - Minor Penalty to Rick Nash for Holding Stick.
14:53 of 1st period - Artemi Panarin wins face-off versus Derick Brassard in Blackhawks zone.
15:50 of 1st period - John Carlson is hit by Branislav Mezei.
16:04 of 1st period - Snap shot by Max Pacioretty.
16:04 of 1st period - Shot Misses the Net.
16:06 of 1st period - Wrist shot by Mike Comrie.
16:06 of 1st period - Shot Misses the Net.
16:21 of 1st period - Penalty to Pavel Datsyuk is over, Pavel Datsyuk is back on ice.
16:28 of 1st period - Scott Gomez is hit by Artemi Panarin and loses puck.
16:52 of 1st period - Penalty to Rick Nash is over, Rick Nash is back on ice.
17:03 of 1st period - Wrist shot by Eric Wellwood.
17:03 of 1st period - Shot Misses the Net.
17:05 of 1st period - Slapshot by Cam Fowler.
17:05 of 1st period - Deflect By Cody Eakin.
17:05 of 1st period - Stopped by Jimmy Howard with a rebound.
17:40 of 1st period - Snap shot by Antoine Roussel.
17:40 of 1st period - Stopped by Rick DiPietro without a rebound.
17:41 of 1st period - Cody Eakin wins face-off versus Antoine Roussel in Blue Jackets zone.
17:46 of 1st period - Slapshot by Branislav Mezei.
17:46 of 1st period - Stopped by Jimmy Howard without a rebound.
17:47 of 1st period - Cody Eakin wins face-off versus Rick Nash in Blackhawks zone.
19:02 of 1st period - Snap shot by John Carlson.
19:02 of 1st period - Stopped by Rick DiPietro with a rebound.
19:04 of 1st period - Snap shot by Michael Latta.
19:04 of 1st period - Stopped by Rick DiPietro without a rebound.
19:05 of 1st period - Pavel Datsyuk wins face-off versus Derick Brassard in Blue Jackets zone.
19:10 of 1st period - Snap shot by Artemi Panarin.
19:10 of 1st period - Stopped by Jimmy Howard without a rebound.
19:11 of 1st period - Derick Brassard wins face-off versus Pavel Datsyuk in Blackhawks zone.
Goals for this period are 0 for Blackhawks vs 2 for Blue Jackets.
Shots for this period are 9 for Blackhawks vs 13 for Blue Jackets.
2nd period
0:01 of 2nd period - Derick Brassard wins face-off versus Pavel Datsyuk in neutral zone.
0:47 of 2nd period - John Carlson is hit by Dalton Prout and loses puck.
1:16 of 2nd period - Slapshot by Tyler Cuma.
1:16 of 2nd period - Stopped by Rick DiPietro with a rebound.
1:18 of 2nd period - Slapshot by Matthew Spiller.
1:18 of 2nd period - Deflect By Eric Wellwood.
1:18 of 2nd period - Stopped by Rick DiPietro without a rebound.
1:19 of 2nd period - Derick Brassard wins face-off versus Pavel Datsyuk in Blue Jackets zone.
1:34 of 2nd period - Slapshot by Derick Brassard.
1:34 of 2nd period - Stopped by Rick DiPietro without a rebound.
1:35 of 2nd period - Scott Gomez wins face-off versus Peter Mueller in Blue Jackets zone.
2:22 of 2nd period - Erik Christensen is hit by Dalton Prout and loses puck.
2:29 of 2nd period - Erik Christensen is hit by Dalton Prout and loses puck.
2:35 of 2nd period - Icing by Tyler Cuma.
2:36 of 2nd period - Pavel Datsyuk wins face-off versus Erik Christensen in Blackhawks zone.
2:49 of 2nd period - Matthew Spiller is hit by Pavel Datsyuk.
3:33 of 2nd period - Snap shot by Gabriel Bourque.
3:33 of 2nd period - Shot Blocked by Max Pacioretty.
4:32 of 2nd period - Wrist shot by Derek Boogaard.
4:32 of 2nd period - Stopped by Jimmy Howard without a rebound.
4:33 of 2nd period - Pavel Datsyuk wins face-off versus Rick Nash in Blackhawks zone.
4:40 of 2nd period - Snap shot by Chris Kreider.
4:40 of 2nd period - Shot Misses the Net.
4:42 of 2nd period - Wrist shot by Derick Brassard.
4:42 of 2nd period - Stopped by Rick DiPietro without a rebound.
4:43 of 2nd period - Derick Brassard wins face-off versus Pavel Datsyuk in Blue Jackets zone.
4:43 of 2nd period - Seth Jones is hit by Dalton Prout and loses puck.
4:50 of 2nd period - Snap shot by Rick Nash.
4:50 of 2nd period - Stopped by Rick DiPietro without a rebound.
4:51 of 2nd period - Derick Brassard wins face-off versus Pavel Datsyuk in Blue Jackets zone.
5:06 of 2nd period - Snap shot by Artemi Panarin.
5:06 of 2nd period - Shot Blocked by Chris Kreider.
5:22 of 2nd period - Snap shot by Seth Jones.
5:22 of 2nd period - Deflect By Tomas Fleischmann.
5:22 of 2nd period - Shot Misses the Net.
5:22 of 2nd period - Puck is out of play.
5:23 of 2nd period - Peter Mueller wins face-off versus Erik Christensen in Blue Jackets zone.
5:47 of 2nd period - Off-side.
5:48 of 2nd period - Mike Comrie wins face-off versus Scott Gomez in neutral zone.
6:13 of 2nd period - Mike Lundin is hit by Rick Nash.
6:36 of 2nd period - Minor Penalty to Dalton Prout for Tripping.
6:37 of 2nd period - Artemi Panarin wins face-off versus Derick Brassard in Blue Jackets zone.
6:49 of 2nd period - Snap shot by Derek Boogaard.
6:49 of 2nd period - Goal by Derek Boogaard - Blackhawks : 0 - Blue Jackets : 3.
6:50 of 2nd period - Derick Brassard wins face-off versus Artemi Panarin in neutral zone.
6:53 of 2nd period - Slapshot by John Carlson.
6:53 of 2nd period - Shot Blocked by Derek Boogaard.
6:55 of 2nd period - Wrist shot by Chris Kreider.
6:55 of 2nd period - Shot Blocked by Cam Fowler.
6:57 of 2nd period - Slapshot by John Carlson.
6:57 of 2nd period - Shot Blocked by Cam Fowler.
6:59 of 2nd period - Wrist shot by Derick Brassard.
6:59 of 2nd period - Shot Misses the Net.
7:01 of 2nd period - Slapshot by Derick Brassard.
7:01 of 2nd period - Shot Blocked by Cam Fowler.
7:17 of 2nd period - Artemi Panarin is hit by John Carlson and loses puck.
8:09 of 2nd period - Icing by Antoine Roussel.
8:10 of 2nd period - Eric Wellwood wins face-off versus Scott Gomez in Blackhawks zone.
8:25 of 2nd period - Slapshot by Mike Lundin.
8:25 of 2nd period - Deflect By Andreas Nodl.
8:25 of 2nd period - Shot Misses the Net.
8:25 of 2nd period - Puck is out of play.
8:26 of 2nd period - Artemi Panarin wins face-off versus Chris Kreider in Blackhawks zone.
8:36 of 2nd period - Penalty to Dalton Prout is over, Dalton Prout is back on ice.
8:58 of 2nd period - Wrist shot by Michael Latta.
8:58 of 2nd period - Shot Misses the Net.
9:00 of 2nd period - Wrist shot by Michael Latta.
9:00 of 2nd period - Stopped by Rick DiPietro without a rebound.
9:01 of 2nd period - Peter Mueller wins face-off versus Scott Gomez in Blue Jackets zone.
9:21 of 2nd period - Icing by Matthew Spiller.
9:22 of 2nd period - Pavel Datsyuk wins face-off versus Bobby Ryan in Blackhawks zone.
9:50 of 2nd period - Snap shot by Antoine Roussel.
9:50 of 2nd period - Goal by Antoine Roussel - Blackhawks : 1 - Blue Jackets : 3.
9:51 of 2nd period - Pavel Datsyuk wins face-off versus Derick Brassard in neutral zone.
10:12 of 2nd period - Derick Brassard is hit by Artemi Panarin and loses puck.
10:25 of 2nd period - Wrist shot by Scott Gomez.
10:25 of 2nd period - Stopped by Rick DiPietro without a rebound.
10:26 of 2nd period - Devin Setoguchi wins face-off versus Scott Gomez in Blue Jackets zone.
10:26 of 2nd period - Devin Setoguchi is hit by Scott Gomez.
10:36 of 2nd period - Wrist shot by Max Pacioretty.
10:36 of 2nd period - Deflect By Devin Setoguchi.
10:36 of 2nd period - Stopped by Jimmy Howard with a rebound.
10:42 of 2nd period - Slapshot by Devin Setoguchi.
10:42 of 2nd period - Stopped by Jimmy Howard with a rebound.
10:44 of 2nd period - Snap shot by Peter Mueller.
10:44 of 2nd period - Goal by Peter Mueller - Blackhawks : 1 - Blue Jackets : 4.
10:44 of 2nd period - Ray Emery enters game.
10:45 of 2nd period - Martin Havlat wins face-off versus Derick Brassard in neutral zone.
11:12 of 2nd period - John Carlson is hit by Max Pacioretty and loses puck.
11:19 of 2nd period - Slapshot by Peter Mueller.
11:19 of 2nd period - Stopped by Ray Emery with a rebound.
11:23 of 2nd period - Snap shot by Max Pacioretty.
11:23 of 2nd period - Stopped by Ray Emery with a rebound.
11:37 of 2nd period - Snap shot by Tomas Fleischmann.
11:37 of 2nd period - Stopped by Rick DiPietro without a rebound.
11:38 of 2nd period - Erik Christensen wins face-off versus Pavel Datsyuk in Blue Jackets zone.
11:39 of 2nd period - Slapshot by Seth Jones.
11:39 of 2nd period - Shot Blocked by Martin Havlat.
11:49 of 2nd period - Snap shot by Pavel Datsyuk.
11:49 of 2nd period - Shot Misses the Net.
12:51 of 2nd period - Snap shot by Martin Havlat.
12:51 of 2nd period - Shot Misses the Net.
12:55 of 2nd period - Snap shot by Pavel Datsyuk.
12:55 of 2nd period - Shot Misses the Net.
12:57 of 2nd period - Snap shot by Mike Lundin.
12:57 of 2nd period - Deflect By Artemi Panarin.
12:57 of 2nd period - Goal by Artemi Panarin - Blackhawks : 1 - Blue Jackets : 5.
12:58 of 2nd period - Pavel Datsyuk wins face-off versus Derick Brassard in neutral zone.
13:11 of 2nd period - Snap shot by Rick Nash.
13:11 of 2nd period - Shot Blocked by Mike Lundin.
13:59 of 2nd period - Snap shot by Max Pacioretty.
13:59 of 2nd period - Deflect By Antoine Roussel.
13:59 of 2nd period - Shot Misses the Net.
13:59 of 2nd period - Puck is out of play.
14:00 of 2nd period - Mike Comrie wins face-off versus Derick Brassard in Blackhawks zone.
14:01 of 2nd period - Snap shot by Derek Boogaard.
14:01 of 2nd period - Shot Misses the Net.
14:08 of 2nd period - Off-side.
14:09 of 2nd period - Derick Brassard wins face-off versus Mike Comrie in neutral zone.
14:16 of 2nd period - Slapshot by Derick Brassard.
14:16 of 2nd period - Stopped by Rick DiPietro without a rebound.
14:17 of 2nd period - Derick Brassard wins face-off versus Pavel Datsyuk in Blue Jackets zone.
14:30 of 2nd period - Slapshot by Artemi Panarin.
14:30 of 2nd period - Shot Misses the Net.
14:32 of 2nd period - Slapshot by Martin Havlat.
14:32 of 2nd period - Shot Blocked by Chris Kreider.
14:34 of 2nd period - Backhand shot by Artemi Panarin.
14:34 of 2nd period - Stopped by Ray Emery with a rebound.
14:53 of 2nd period - Snap shot by Antoine Roussel.
14:53 of 2nd period - Deflect By Scott Gomez.
14:53 of 2nd period - Stopped by Rick DiPietro with a rebound.
14:55 of 2nd period - Snap shot by Scott Gomez.
14:55 of 2nd period - Stopped by Rick DiPietro without a rebound.
14:56 of 2nd period - Pavel Datsyuk wins face-off versus Brandon Yip in Blue Jackets zone.
15:23 of 2nd period - Matthew Spiller is hit by Max Pacioretty and loses puck.
15:32 of 2nd period - Wrist shot by Peter Mueller.
15:32 of 2nd period - Stopped by Ray Emery with a rebound.
15:50 of 2nd period - Dalton Prout is hit by Bobby Ryan and loses puck.
16:05 of 2nd period - Branislav Mezei is hit by John Carlson and loses puck.
16:25 of 2nd period - Justin Falk is hit by Artemi Panarin.
16:51 of 2nd period - Wrist shot by Devin Setoguchi.
16:51 of 2nd period - Stopped by Ray Emery with a rebound.
17:10 of 2nd period - Scott Gomez is hit by Mike Lundin.
17:17 of 2nd period - Tyler Cuma is hit by Cody Eakin and loses puck.
18:02 of 2nd period - Snap shot by Erik Christensen.
18:02 of 2nd period - Shot Blocked by Andreas Nodl.
18:04 of 2nd period - Snap shot by Tomas Fleischmann.
18:04 of 2nd period - Stopped by Rick DiPietro without a rebound.
18:05 of 2nd period - Mike Comrie wins face-off versus Erik Christensen in Blue Jackets zone.
18:05 of 2nd period - Mike Comrie is hit by Justin Falk.
18:20 of 2nd period - Minor Penalty to Brandon Yip for Roughing.
18:21 of 2nd period - Pavel Datsyuk wins face-off versus Scott Gomez in Blackhawks zone.
18:34 of 2nd period - Icing by Devin Setoguchi.
18:35 of 2nd period - Scott Gomez wins face-off versus Pavel Datsyuk in Blue Jackets zone.
18:40 of 2nd period - Wrist shot by Scott Gomez.
18:40 of 2nd period - Shot Blocked by Cam Fowler.
19:33 of 2nd period - Icing by Pavel Datsyuk.
19:34 of 2nd period - Scott Gomez wins face-off versus Pavel Datsyuk in Blue Jackets zone.
19:55 of 2nd period - Snap shot by Derek Boogaard.
19:55 of 2nd period - Shot Misses the Net.
Goals for this period are 1 for Blackhawks vs 3 for Blue Jackets.
Shots for this period are 13 for Blackhawks vs 11 for Blue Jackets.
3rd period
0:01 of 3rd period - Pavel Datsyuk wins face-off versus Scott Gomez in neutral zone.
0:20 of 3rd period - Penalty to Brandon Yip is over, Brandon Yip is back on ice.
0:22 of 3rd period - Minor Penalty to Brandon Yip for Close Hand On Puck.
0:23 of 3rd period - Pavel Datsyuk wins face-off versus Scott Gomez in Blackhawks zone.
0:54 of 3rd period - Martin Havlat is hit by Matthew Spiller and loses puck.
1:39 of 3rd period - Slapshot by Seth Jones.
1:39 of 3rd period - Stopped by Rick DiPietro with a rebound.
1:41 of 3rd period - Slapshot by Seth Jones.
1:41 of 3rd period - Stopped by Rick DiPietro without a rebound.
1:42 of 3rd period - Michael Latta wins face-off versus Pavel Datsyuk in Blue Jackets zone.
1:47 of 3rd period - Wrist shot by Michael Latta.
1:47 of 3rd period - Stopped by Rick DiPietro without a rebound.
1:48 of 3rd period - Scott Gomez wins face-off versus Peter Mueller in Blue Jackets zone.
2:11 of 3rd period - Snap shot by Artemi Panarin.
2:11 of 3rd period - Goal by Artemi Panarin - Blackhawks : 1 - Blue Jackets : 6.
2:12 of 3rd period - Derick Brassard wins face-off versus Pavel Datsyuk in neutral zone.
2:17 of 3rd period - Snap shot by Chris Kreider.
2:17 of 3rd period - Shot Hit the Post.
2:19 of 3rd period - Snap shot by Rick Nash.
2:19 of 3rd period - Shot Misses the Net.
2:21 of 3rd period - Snap shot by Rick Nash.
2:21 of 3rd period - Shot Blocked by Mike Lundin.
2:23 of 3rd period - Slapshot by Rick Nash.
2:23 of 3rd period - Stopped by Rick DiPietro without a rebound.
2:24 of 3rd period - Derick Brassard wins face-off versus Pavel Datsyuk in Blue Jackets zone.
2:32 of 3rd period - Off-side.
2:33 of 3rd period - Martin Havlat wins face-off versus Derick Brassard in neutral zone.
2:58 of 3rd period - Snap shot by Martin Havlat.
2:58 of 3rd period - Shot Misses the Net.
3:11 of 3rd period - Minor Penalty to Mike Green for Roughing.
3:12 of 3rd period - Peter Mueller wins face-off versus Scott Gomez in Blackhawks zone.
3:34 of 3rd period - Tyler Cuma is hit by Pavel Datsyuk.
4:56 of 3rd period - A.J Thelen is hit by Tomas Fleischmann and loses puck.
5:11 of 3rd period - Penalty to Mike Green is over, Mike Green is back on ice.
5:50 of 3rd period - Justin Falk is hit by Tyler Kennedy.
6:20 of 3rd period - Cam Fowler is hit by Chris Kreider and loses puck.
6:49 of 3rd period - A.J Thelen is hit by Gabriel Bourque and loses puck.
7:47 of 3rd period - Minor Penalty to Andreas Nodl for Cross-checking.
7:48 of 3rd period - Derick Brassard wins face-off versus Artemi Panarin in Blue Jackets zone.
7:49 of 3rd period - Slapshot by John Carlson.
7:49 of 3rd period - Stopped by Rick DiPietro with a rebound.
7:55 of 3rd period - Snap shot by Derick Brassard.
7:55 of 3rd period - Stopped by Rick DiPietro with a rebound.
7:57 of 3rd period - Slapshot by John Carlson.
7:57 of 3rd period - Deflect By Derek Boogaard.
7:57 of 3rd period - Stopped by Rick DiPietro without a rebound.
7:58 of 3rd period - Derick Brassard wins face-off versus Artemi Panarin in Blue Jackets zone.
8:11 of 3rd period - Wrist shot by Derick Brassard.
8:11 of 3rd period - Shot Blocked by Derek Boogaard.
8:41 of 3rd period - Slapshot by Derick Brassard.
8:41 of 3rd period - Shot Misses the Net.
9:21 of 3rd period - Wrist shot by Chris Kreider.
9:21 of 3rd period - Deflect By Martin Havlat.
9:21 of 3rd period - Stopped by Rick DiPietro without a rebound.
9:22 of 3rd period - Artemi Panarin wins face-off versus Scott Gomez in Blue Jackets zone.
9:31 of 3rd period - Slapshot by Seth Jones.
9:31 of 3rd period - Stopped by Rick DiPietro without a rebound.
9:32 of 3rd period - Artemi Panarin wins face-off versus Scott Gomez in Blue Jackets zone.
9:47 of 3rd period - Penalty to Andreas Nodl is over, Andreas Nodl is back on ice.
10:11 of 3rd period - Snap shot by Peter Mueller.
10:11 of 3rd period - Goal by Peter Mueller - Blackhawks : 1 - Blue Jackets : 7.
10:12 of 3rd period - Pavel Datsyuk wins face-off versus Scott Gomez in neutral zone.
10:21 of 3rd period - Mike Green is hit by Cam Fowler and loses puck.
10:38 of 3rd period - Mike Green is hit by Peter Mueller and loses puck.
11:10 of 3rd period - Minor Penalty to Derek Boogaard for Hooking.
11:11 of 3rd period - Artemi Panarin wins face-off versus Derick Brassard in Blue Jackets zone.
11:21 of 3rd period - Slapshot by Tyler Cuma.
11:21 of 3rd period - Shot Misses the Net.
11:23 of 3rd period - Slapshot by Tyler Cuma.
11:23 of 3rd period - Stopped by Rick DiPietro with a rebound.
11:25 of 3rd period - Slapshot by Seth Jones.
11:25 of 3rd period - Stopped by Rick DiPietro without a rebound.
11:26 of 3rd period - Derick Brassard wins face-off versus Artemi Panarin in Blue Jackets zone.
11:35 of 3rd period - Slapshot by John Carlson.
11:35 of 3rd period - Shot Blocked by Cam Fowler.
11:37 of 3rd period - Snap shot by Derick Brassard.
11:37 of 3rd period - Shot Misses the Net.
11:39 of 3rd period - Slapshot by John Carlson.
11:39 of 3rd period - Goal by John Carlson - Blackhawks : 2 - Blue Jackets : 7.
11:40 of 3rd period - Derick Brassard wins face-off versus Pavel Datsyuk in neutral zone.
11:57 of 3rd period - Wrist shot by Artemi Panarin.
11:57 of 3rd period - Stopped by Ray Emery without a rebound.
11:58 of 3rd period - Scott Gomez wins face-off versus Peter Mueller in Blackhawks zone.
11:58 of 3rd period - Scott Gomez is hit by Devin Setoguchi.
12:03 of 3rd period - Dalton Prout beats up Bobby Ryan.
12:03 of 3rd period - Penalty to Dalton Prout for Fighting.
12:03 of 3rd period - Penalty to Bobby Ryan for Fighting.
12:04 of 3rd period - Pavel Datsyuk wins face-off versus Rick Nash in neutral zone.
13:05 of 3rd period - Slapshot by Andreas Nodl.
13:05 of 3rd period - Shot Blocked by Tyler Cuma.
13:07 of 3rd period - Slapshot by Cam Fowler.
13:07 of 3rd period - Goal by Cam Fowler - Blackhawks : 2 - Blue Jackets : 8.
13:08 of 3rd period - Pavel Datsyuk wins face-off versus Derick Brassard in neutral zone.
13:11 of 3rd period - Rick Nash is hit by Branislav Mezei.
13:15 of 3rd period - Pavel Datsyuk is hit by Rick Nash and loses puck.
13:38 of 3rd period - Wrist shot by Antoine Roussel.
13:38 of 3rd period - Shot Blocked by Peter Mueller.
13:55 of 3rd period - Slapshot by David Jones.
13:55 of 3rd period - Stopped by Rick DiPietro without a rebound.
13:56 of 3rd period - Erik Christensen wins face-off versus Mike Comrie in Blue Jackets zone.
13:57 of 3rd period - Slapshot by Seth Jones.
13:57 of 3rd period - Stopped by Rick DiPietro with a rebound.
13:59 of 3rd period - Slapshot by Brandon Yip.
13:59 of 3rd period - Shot Misses the Net.
14:08 of 3rd period - Penalty Shot by Derek Boogaard for Blue Jackets.
14:08 of 3rd period - Deke by Derek Boogaard.
14:08 of 3rd period - Goal by Derek Boogaard - Blackhawks : 2 - Blue Jackets : 9.
14:09 of 3rd period - Pavel Datsyuk wins face-off versus Derick Brassard in neutral zone.
14:10 of 3rd period - Derick Brassard wins face-off versus Pavel Datsyuk in Blue Jackets zone.
14:12 of 3rd period - Snap shot by Derick Brassard.
14:12 of 3rd period - Shot Blocked by Artemi Panarin.
14:14 of 3rd period - Wrist shot by Derick Brassard.
14:14 of 3rd period - Shot Misses the Net.
14:16 of 3rd period - Snap shot by Rick Nash.
14:16 of 3rd period - Shot Misses the Net.
14:18 of 3rd period - Slapshot by John Carlson.
14:18 of 3rd period - Stopped by Rick DiPietro without a rebound.
14:19 of 3rd period - Derick Brassard wins face-off versus Artemi Panarin in Blue Jackets zone.
14:38 of 3rd period - Slapshot by Mike Green.
14:38 of 3rd period - Deflect By Chris Kreider.
14:38 of 3rd period - Shot Blocked by Pavel Datsyuk.
14:38 of 3rd period - Puck is out of play.
14:39 of 3rd period - Scott Gomez wins face-off versus Peter Mueller in Blue Jackets zone.
14:42 of 3rd period - Snap shot by Scott Gomez.
14:42 of 3rd period - Stopped by Rick DiPietro without a rebound.
14:43 of 3rd period - Peter Mueller wins face-off versus Scott Gomez in Blue Jackets zone.
14:45 of 3rd period - Minor Penalty to Peter Mueller for Hooking.
14:46 of 3rd period - Artemi Panarin wins face-off versus Derick Brassard in Blue Jackets zone.
15:00 of 3rd period - Backhand shot by Derick Brassard.
15:00 of 3rd period - Stopped by Rick DiPietro with a rebound.
16:00 of 3rd period - A.J Thelen is hit by Antoine Roussel and loses puck.
16:45 of 3rd period - Penalty to Peter Mueller is over, Peter Mueller is back on ice.
16:51 of 3rd period - Off-side.
16:52 of 3rd period - Peter Mueller wins face-off versus Michael Latta in neutral zone.
16:55 of 3rd period - Gabriel Bourque is hit by A.J Thelen and loses puck.
17:04 of 3rd period - Peter Mueller is hit by Seth Jones and loses puck.
17:19 of 3rd period - Eric Wellwood is hit by Tyler Cuma and loses puck.
17:32 of 3rd period - Bobby Ryan is hit by Artemi Panarin and loses puck.
17:56 of 3rd period - Off-side.
17:57 of 3rd period - Michael Latta wins face-off versus Pavel Datsyuk in neutral zone.
18:12 of 3rd period - Wrist shot by Michael Latta.
18:12 of 3rd period - Shot Misses the Net.
19:24 of 3rd period - Slapshot by John Carlson.
19:24 of 3rd period - Shot Misses the Net.
19:42 of 3rd period - Snap shot by David Jones.
19:42 of 3rd period - Shot Blocked by Devin Setoguchi.
19:44 of 3rd period - Snap shot by Michael Latta.
19:44 of 3rd period - Stopped by Rick DiPietro with a rebound.
Goals for this period are 1 for Blackhawks vs 4 for Blue Jackets.
Shots for this period are 18 for Blackhawks vs 4 for Blue Jackets.
Back to the Top